 Dungeon Crawl Stone Soup version 0.22-a0-558-gc224181 (webtiles) character file.

207 iamserjio the Chopper (level 5, 0/32 HPs)
             Began as a Gargoyle Fighter on June 26, 2018.
             Slain by Menkaure (10 damage)
             ... on level 4 of the Dungeon.
             The game lasted 00:03:53 (527 turns).

iamserjio the Chopper (Gargoyle Fighter)             Turns: 527, Time: 00:03:53

Health: 0/32       AC: 13    Str: 20    XL:     5   Next: 85%
Magic:  5/5        EV:  5    Int:  8    God:
Gold:   66         SH:  9    Dex: 10    Spells: 4/4 levels left

rFire    . . .     SeeInvis .   a - +0 war axe
rCold    . . .     Gourm    .   c - +0 shield
rNeg     + . .     Faith    .   n - +0 chain mail
rPois    ∞         Spirit   .   (no helmet)
rElec    +         Reflect  .   (no cloak)
rCorr    .         Harm     .   (no gloves)
MR       .....                  (no boots)
Stlth    ..........             (no amulet)
HPRegen  0.10/turn              (no ring)
MPRegen  0.09/turn              (no ring)

@: no status effects
A: negative energy resistance 1, electricity resistance, unbreathing,
petrification resistance, rot immunity, AC +4
a: no special abilities


You were on level 4 of the Dungeon.
You were not hungry.

You visited 1 branch of the dungeon, and saw 4 of its levels.

You collected 66 gold pieces.

Inventory:

Hand Weapons
 a - a +0 war axe (weapon)
 i - a +0 hand axe
Missiles
 o - a throwing net (quivered) {!f}
Armour
 b - a +0 scale mail
 c - a +0 shield (worn)
 n - a +0 chain mail (worn)
Jewellery
 d - an uncursed ring of resist corrosion {unknown}
 s - a cursed -2 ring of slaying {unknown}
Scrolls
 e - a scroll of amnesia {unknown}
 g - a scroll of fog {unknown}
 h - a scroll of remove curse {unknown}
 j - a scroll of enchant armour {unknown}
 m - a scroll of blinking {unknown}
 p - a scroll of noise {unknown}
 q - a scroll of identify {unknown}
Potions
 k - a potion of curing {unknown}
 l - a potion of magic {unknown}
 r - a potion of cancellation {unknown}
Comestibles
 f - 4 rations


   Skills:
 - Level 3.2 Fighting
 + Level 5.3 Axes
 - Level 3.2 Armour
 - Level 3.2 Shields


You had 4 spell levels left.
You didn't know any spells.
Your spell library was empty.

Dungeon Overview and Level Annotations

Branches:
Dungeon (4/15)
 Temple: D:4-7

Altars:
Fedhas
Trog

Annotations:
D:4 Menkaure


Innate Abilities, Weirdness & Mutations

You are resistant to torment.
Your stone body is resilient. (AC +4)
You are immune to poison.
You resist negative energy. (rN+)
You are resistant to electric shocks. (rElec)
You can survive without breathing.
You are immune to petrification.
You are immune to rotting.


Message History

The adder skeleton bites you.
The adder skeleton bites you but does no damage.
You hit the adder skeleton.
The adder skeleton is heavily damaged.
The adder skeleton bites you but does no damage.
Your shield prevents you from hitting the adder skeleton.
The adder skeleton is heavily damaged.
The adder skeleton bites you.
Menkaure calls on the powers of darkness!
Your body is wracked with pain!
The adder skeleton bites you but does no damage.
You closely miss the adder skeleton.
The adder skeleton is heavily damaged.
The adder skeleton barely misses you.
You slash the adder skeleton!
You destroy the adder skeleton!
You hit Menkaure.
Menkaure is lightly damaged.
Menkaure hits you!
You die...

#...## #....#
#.†.# #..†##
#.†).# ### #.#5.##
#.### #.#(.)##
#.M5#####.#§#..# #
#@#..Z.M55#..#...>
#.#######.§.....#.
#.# #.##.##... #.#
#.# <...## #.# #..
.##.# #.# #.. ..
.. #.# #..### .
#.# #..# #.# ...#


You could see Menkaure and a crimson imp.

Vanquished Creatures
  A howler monkey (D:4)
  An orc priest (D:3)
  5 adders
  4 gnolls (D:3)
  An adder skeleton (D:4)
  A worm (D:2)
  2 dart slugs
  2 leopard geckos
  4 orcs
  5 bats
  A giant cockroach (D:4)
  4 goblins
  A hobgoblin (D:1)
  3 jackals
  A quokka (D:3)
  A ball python (D:2)
  A frilled lizard (D:2)
  7 kobolds
  A leopard gecko skeleton (D:4)
  5 rats
51 creatures vanquished.

Notes
Turn   | Place    | Note
-------+----------+-------------------------------------------
     0 | D:1      | iamserjio the Gargoyle Fighter began the quest for the Orb.
     0 | D:1      | Reached XP level 1. HP: 14/14 MP: 1/1
    10 | D:1      | Reached skill level 2 in Axes
   108 | D:2      | Reached XP level 2. HP: 17/19 MP: 2/2
   109 | D:2      | Found a blossoming altar of Fedhas.
   136 | D:2      | Reached skill level 3 in Axes
   136 | D:2      | Reached XP level 3. HP: 13/23 MP: 3/3
   318 | D:3      | Reached skill level 4 in Axes
   318 | D:3      | Reached XP level 4. HP: 25/28 MP: 4/4
   354 | D:3      | Reached XP level 5. HP: 19/32 MP: 5/5
   378 | D:2      | Found a bloodstained altar of Trog.
   478 | D:4      | Reached skill level 5 in Axes
   505 | D:4      | Noticed Menkaure
   527 | D:4      | Slain by Menkaure

Vault maps used:
D:1:      dpeg_arrival_rhombi, minmay_pentomino_t2
D:2:      fedhas_altar_3, bloody_trog
D:3:      overflow_temple_1_default, lemuel_crystal_altar,
          minmay_misc_feat_cross, uniq_terence, uniq_natasha
D:4:      kennysheep_little_box, kennysheep_mini, uniq_menkaure

Skill      XL: |  1  2  3  4  5 |
---------------+----------------+-----
Axes           | 2 3 4 5 |  5.3
Fighting       | |  3.2
Armour         | |  3.2
Shields        | |  3.2

Action                   |  1- 3 |  4- 6 || total
-------------------------+-------+-------++-------
Melee: War axe           |    15 |     8 ||    23
       Hand axe          |    64 |    72 ||   136
  Use: Potion            |     1 |       ||     1
Armor: Scale mail        |    37 |       ||    37
       Chain mail        |     7 |    66 ||    73
Dodge: Dodged            |    25 |    23 ||    48
Block: Shield            |    34 |    52 ||    86

Table legend:
 A = Spawn XP
 B = Non-spawn XP
 C = Spawn XP percentage of total XP
 D = Spawn monster count
 E = Non-spawn monster count
 F = Spawn count percentage of total count
 G = Total turns spent on level
                    A         B        C        D         E        F      G
               +---------+---------+-------+---------+---------+-------+---------
         Total |       0 |     296 |   0.0 |       0 |      51 |   0.0 |   527
               +---------+---------+-------+---------+---------+-------+---------
           D:1 |       0 |      19 |   0.0 |       0 |      11 |   0.0 |   175
           D:2 |       0 |      69 |   0.0 |       0 |      18 |   0.0 |   199
           D:3 |       0 |     123 |   0.0 |       0 |      13 |   0.0 |    88
           D:4 |       0 |      85 |   0.0 |       0 |       9 |   0.0 |    65
               +---------+---------+-------+---------+---------+-------+---------
